 Dungeon Crawl Stone Soup version 0.23.2-1-ga50397a (webtiles) character file.

Game seed: 6858980832637262152

113 MalarOregon the Poker (level 4, 0/37 HPs)
             Began as a Merfolk Gladiator on May 14, 2019.
             Killed from afar by Ijyb (4 damage)
             ... with a wand of flame (5)
             ... on level 3 of the Dungeon.
             The game lasted 00:05:11 (2720 turns).

MalarOregon the Poker (Merfolk Gladiator)           Turns: 2720, Time: 00:05:12

Health: 0/37       AC: 11    Str: 15    XL:     4   Next: 96%
Magic:  4/4        EV: 11    Int:  7    God:
Gold:   109        SH:  0    Dex: 15    Spells: 3/3 levels left

rFire    . . .     SeeInvis .   a - +0 trident
rCold    . . .     Gourm    .   (no shield)
rNeg     . . .     Faith    .   o - +2 scale mail {rPois}
rPois    +         Spirit   .   c - +0 helmet
rElec    .         Reflect  .   (no cloak)
rCorr    .         Harm     .   (no gloves)
MR       .....                  (no boots)
Stlth    ..........             (no amulet)
HPRegen  0.12/turn              k - ring of wizardry
MPRegen  0.09/turn              j - +2 ring of protection

@: no status effects
A: change form in water, swift swim, stealthy swim
a: no special abilities


You were on level 3 of the Dungeon.
You were not hungry.

You visited 1 branch of the dungeon, and saw 3 of its levels.

You collected 109 gold pieces.

Inventory:

Hand Weapons
 a - a +0 trident (weapon)
Missiles
 d - 3 throwing nets (quivered) {!f}
Armour
 c - a +0 helmet (worn)
 o - a +2 scale mail of poison resistance (worn)
   (You took it off a goblin on level 2 of the Dungeon)
Jewellery
 j - a +2 ring of protection (right hand)
   (You found it on level 2 of the Dungeon)
 k - a ring of wizardry (left hand)
   (You found it on level 2 of the Dungeon)
Scrolls
 g - a scroll of immolation {unknown}
 h - 2 scrolls of enchant armour {unknown}
 l - 2 scrolls of enchant weapon {unknown}
 m - a scroll of teleportation {unknown}
 p - 2 scrolls of identify {unknown}
 q - a scroll of amnesia {unknown}
Potions
 f - a potion of curing {unknown}
 i - a potion of magic {unknown}
 n - a potion of brilliance {unknown}
Comestibles
 b - 5 chunks of flesh
 e - 8 rations {!d}


   Skills:
 + Level 4.1 Fighting
 + Level 6.4 Polearms
 - Level 2.0 Throwing
 - Level 4.0 Dodging


You had 3 spell levels left.
You didn't know any spells.
Your spell library was empty.

Dungeon Overview and Level Annotations

Branches:
Dungeon (3/15)

Altars:

Annotations:
D:3 Ijyb


Message History

The puff of flame misses you.
Your scale mail prevents you from hitting Ijyb.
Ijyb barely misses you.
You hit Ijyb but do no damage. Ijyb completely misses you.
You closely miss Ijyb.
Ijyb zaps a wand.
The puff of flame hits you.
You miss Ijyb.
Ijyb zaps a wand.
The puff of flame hits you.
You hit Ijyb.
Ijyb zaps a wand.
The puff of flame hits you but does no damage.
You miss Ijyb.
Ijyb zaps a wand.
The puff of flame misses you.
You closely miss Ijyb. Ijyb barely misses you.
Unknown command.
You closely miss Ijyb. Ijyb hits you but does no damage.
Unknown command.
You hit Ijyb. Ijyb hits you but does no damage.
You hit Ijyb but do no damage. Ijyb closely misses you.
Unknown command.
You hit Ijyb but do no damage. Ijyb hits you.
You hit Ijyb.
Ijyb zaps a wand.
The puff of flame hits you!
* * * LOW HITPOINT WARNING * * *
Your scale mail prevents you from hitting Ijyb.
Ijyb zaps a wand.
The puff of flame hits you but does no damage.
Wear which item? (? for menu, Esc to quit)
Okay, then.
Unknown command.
You hit Ijyb but do no damage. Ijyb hits you.
* * * LOW HITPOINT WARNING * * *
You puncture Ijyb! Ijyb closely misses you.
You closely miss Ijyb.
Ijyb zaps a wand.
The puff of flame misses you.
You closely miss Ijyb. Ijyb hits you.
* * * LOW HITPOINT WARNING * * *
You completely miss Ijyb.
Ijyb zaps a wand.
The puff of flame hits you!
* * * LOW HITPOINT WARNING * * *
You barely miss Ijyb.
Ijyb zaps a wand.
The puff of flame hits you.
You die...

####### #..÷..# #..##.#
###### #
#...#.#######.....
#.####.##.......#.####
#....@..#....##.#.#
#...g...#.##....#.#
......†..#.#.#######.#
.......#.#.#....)....####
.......#.#.#######.......
#..#...#.#.##....#....<.#
.# ....#.#.##.##.#.......
.....#.#....##.#.....#.
...##.#.#.......#.....#.


You could see Ijyb.

Vanquished Creatures
  4 adders
  A worm (D:2)
  2 leopard geckos (D:1)
  4 orcs (D:2)
  4 giant cockroaches
  8 goblins
  4 hobgoblins
  4 jackals (D:3)
  9 kobolds
  2 quokkas
  A ball python (D:2)
  7 bats
  5 frilled lizards
  10 rats
65 creatures vanquished.

Notes
Turn   | Place    | Note
-------+----------+-------------------------------------------
     0 | D:1      | MalarOregon the Merfolk Gladiator began the quest for the
                  | Orb.
     0 | D:1      | Reached XP level 1. HP: 16/16 MP: 1/1
   256 | D:1      | Reached XP level 2. HP: 23/23 MP: 2/2
   451 | D:1      | Reached skill level 5 in Polearms
   569 | D:1      | Reached XP level 3. HP: 29/29 MP: 3/3
  1435 | D:2      | Reached XP level 4. HP: 30/36 MP: 4/4
  1777 | D:2      | Reached skill level 6 in Polearms
  2263 | D:3      | Found a faded altar of an unknown god.
  2697 | D:3      | Noticed Ijyb
  2720 | D:3      | Killed from afar by Ijyb

Skill      XL: |  1  2  3  4 |
---------------+-------------+-----
Polearms       | 5 6 |  6.4
Fighting       | 3 4 |  4.1
Throwing       | |  2.0
Dodging        | |  4.0

Action                   |  1- 3 |  4- 6 || total
-------------------------+-------+-------++-------
Melee: Trident           |   119 |   123 ||   242
 Stab: Sleeping          |     5 |     2 ||     7
       Distracted        |     1 |       ||     1
  Eat: Chunk             |     1 |     5 ||     6
Armor: Leather armour    |    23 |     2 ||    25
       Scale mail        |       |    40 ||    40
Dodge: Dodged            |    68 |    81 ||   149
